 Dungeon Crawl Stone Soup version 0.27.0-1-g7a089689b8 (webtiles) character file.

Game seed: 10647982052813468345

2045 shadowrider38 the Thaumaturge (level 9, -2/70 HPs)
             Began as a Purple Draconian Conjurer on Aug 11, 2021.
             Was a Plaything of Xom.
             Hit by a large rock thrown by a cyclops (23 damage)
             ... on level 7 of the Dungeon.
             The game lasted 00:39:06 (9578 turns).

shadowrider38 the Thaumaturge (DrCj)                Turns: 9578, Time: 00:39:07

Health: -2/70      AC:  8    Str: 11 (14) XL:     9   Next: 4%
Magic:  13/23      EV: 12    Int: 24      God:    Xom [.....*]
Gold:   366        SH:  0    Dex: 11      Spells: 17/29 levels left

rFire    + . .     SeeInvis .   a - +4 whip
rCold    . . .     Faith    .   (no shield)
rNeg     . . .     Spirit   .   (armour unavailable)
rPois    .         Reflect  .   (helmet restricted)
rElec    .         Harm     .   (no cloak)
rCorr    .         Rampage  .   y - +0 pair of gloves
Will     ++...                  (no boots)
Stlth    +++.......             (no amulet)
HPRegen  1.21/turn              k - ring of protection from fire
MPRegen  0.18/turn              D - +6 ring of intelligence

@: no status effects
A: breathe power, AC +7, unfitting armour, cold-blooded, hooves 1, horns 1,
stinger 1, thin skeletal structure 1, clumsy 1, deterioration 1, strong-willed
1, regeneration 1, screaming 1, strong 1, MP-powered wands
a: Breathe Dispelling Energy, Renounce Religion


You were on level 7 of the Dungeon.
You worshipped Xom.
You were Xom's teddy bear.
You visited 2 branches of the dungeon, and saw 9 of its levels.
You also visited: Sewer.

You collected 366 gold pieces.

Inventory:

Hand Weapons
 a - a +4 whip (weapon)
Missiles
 b - 344 stones
 e - 7 javelins
 h - 16 boomerangs
 i - 30 poisoned darts
 z - 2 throwing nets
Armour
 y - a +0 pair of gloves (worn)
Jewellery
 k - a ring of protection from fire (left hand)
 D - a +6 ring of intelligence (right hand)
Wands
 j - a wand of paralysis (13)
 t - a wand of digging (4)
 B - a wand of mindburst (18)
 C - a wand of acid (15)
Scrolls
 c - 2 scrolls of magic mapping {unknown}
 d - 2 scrolls of amnesia
 g - a scroll of teleportation
 q - a scroll of torment {unknown}
 r - 3 scrolls of enchant armour {unknown}
 E - a scroll of vulnerability {unknown}
Potions
 f - 2 potions of flight {unknown}
 l - 3 potions of lignification {unknown}
 m - 3 potions of haste {unknown}
 n - 3 potions of cancellation {unknown}
 o - a potion of invisibility
 p - a potion of magic
 s - 2 potions of might
 u - a potion of attraction {unknown}
 v - 5 potions of heal wounds {unknown}
 w - a potion of curing
 x - 2 potions of degeneration {unknown}
 A - a potion of brilliance {unknown}


   Skills:
 - Level 3.3 Fighting
 - Level 1.7 Dodging
 - Level 1.7 Stealth
 - Level 10.6 Spellcasting
 - Level 10.3 Conjurations
 + Level 5.4 Translocations


You had 17 spell levels left.
You knew the following spells:

 Your Spells              Type           Power      Damage    Failure   Level
a - Magic Dart            Conj           100%       1d8       1%          1
b - Iskenderun's Mystic   Conj/Tloc      50%        2d11      1%          4
c - Blink                 Tloc           N/A        N/A       1%          2
d - Irradiate             Conj/Tmut      18%        3d19      17%         5

Your spell library contained the following spells:

 Spells                   Type           Power      Damage    Failure   Level
 Searing Ray              Conj           100%       3d7       1%          2
 Dazzling Flash           Conj/Hex       74%        N/A       1%          3
 Gell's Gravitas          Tloc           19%        N/A       1%          3
 Teleport Other           Tloc           38%        N/A       1%          3
 Beastly Appendage        Tmut           24%        N/A       4%          1
 Fulminant Prism          Conj/Hex       18%        3d11      6%          4
 Sublimation of Blood     Necr           6%         N/A       8%          2
 Wereblood                Tmut           12%        N/A       8%          2
 Spider Form              Tmut/Pois      6%         N/A       16%         3
 Manifold Assault         Tloc           38%        N/A       16%         5
 Petrify                  Tmut/Erth      12%        N/A       45%         4
 Dispersal                Tloc           19%        N/A       63%         6
 Storm Form               Tmut/Air       6%         N/A       100%        7


Dungeon Overview and Level Annotations

Branches:
Dungeon (8/15)             Temple (1/1) D:4           Sewer (visited)
   Lair: D:8-11

Altars:
Ashenzari
Cheibriados
Dithmenos
Elyvilon
Fedhas
Gozag
Hepliaklqana
Kikubaaqudgha
Makhleb
Nemelex Xobeh
Okawaru
Qazlal
Ru
Sif Muna
Trog
Uskayaw
Vehumet
Wu Jian
Xom
Yredelemnul
Zin
The Shining One

Annotations:
D:5 2 transporters, JBAR's ghost, amateur DsGl


Innate Abilities, Weirdness & Mutations

You can breathe bolts of dispelling energy.
Your rich purple scales are hard. (AC +7)
You cannot fit into any form of body armour.
You are cold-blooded and may be slowed by cold attacks.
You have large cloven feet.
You have a pair of small horns on your head.
Your tail ends in a poisonous barb.
You have a somewhat thin skeletal structure. (Dex +2, Stealth+)
You are clumsy. (Dex -2)
Your body sometimes deteriorates upon taking damage.
You are strong-willed. (Will+)
Your natural rate of healing is unusually fast.
You occasionally shout uncontrollably at your foes.
Your muscles are strong. (Str +2)
You expend magic power (3 MP) to strengthen your wands.


Message History

Casting: Magic Dart (safe; 1% risk of failure)
Confirm with . or Enter, or press ? or * to list all spells.
You don't know that spell.
You whack the cyclops!
The cyclops is severely wounded.
The necrophage hits you but does no damage.
The cyclops hits you!
Casting: Magic Dart (safe; 1% risk of failure)
Confirm with . or Enter, or press ? or * to list all spells.
You erupt in a blast of force!
The mystic blast hits the cyclops!
The cyclops is almost dead.
The cyclops is knocked back by the mystic blast.
The mystic blast hits the necrophage!
The necrophage is severely damaged.
The necrophage is knocked back by the mystic blast.
Casting: Iskenderun's Mystic Blast (dangerous; 1% risk of failure)
Confirm with . or Enter, or press ? or * to list all spells.
Okay, then.
Aiming: Magic Dart (safe; 1% risk of failure)
Press: ? - help, Q - select action, (/) - cycle Shift-Dir - straight line, f/p - cyclops
Aim: a cyclops, quivering large rocks (almost dead, 100% to hit)
The magic dart hits the cyclops.
The cyclops is almost dead.
You closely miss the necrophage. You kick the necrophage.
Your headbutt misses the necrophage.
The necrophage is severely damaged.
The cyclops throws a large rock.
The large rock hits you!!!
Ouch! That really hurt!
* * * LOW HITPOINT WARNING * * *
The necrophage hits you.
* * * LOW HITPOINT WARNING * * *
You hit the necrophage.
You kick the necrophage, but do no damage.
You headbutt the necrophage, but do no damage.
The necrophage is almost destroyed.
The necrophage hits you but does no damage.
You whack the necrophage!
You destroy the necrophage!
The cyclops throws a large rock.
The large rock hits you!!
You die...

#.....# #..#............
#.....# ##..............
#.....## #..............
#......# ##.............
#......###..#...........
#......##..##..........#
##.........############.
#........## ##
#.....@.## #####
#....(^## ##....
#......# #..... #..C..##
#..... ##.#### ##....
### ##... ##.. ##. ##


You could see a cyclops.

Vanquished Creatures
  A wyvern (D:7)
  3 water moccasins
  An ice beast (D:6)
  2 sky beasts (D:5)
  2 ogres
  3 necrophages
  A centaur (D:7)
  2 scorpions
  A wyvern zombie (D:6)
  2 water moccasin skeletons
  A crimson imp (D:5)
  A jelly (D:6)
  An orc priest (D:5)
  3 hounds
  2 iguanas
  Ijyb (D:3)
  2 orc wizards
  4 gnolls
  7 adders
  A river rat (Sewer)
  An adder skeleton (D:4)
  2 worms
  3 dart slugs
  11 orcs
  7 endoplasms
  5 giant cockroaches
  4 goblins
  5 hobgoblins
  9 jackals
  A quokka (D:3)
  10 ball pythons
  5 bats
  11 frilled lizards
  5 kobolds
  14 rats
134 creatures vanquished.

Vanquished Creatures (others)
  An iguana (D:6)
  2 fungi (D:5)
3 creatures vanquished.

Grand Total: 137 creatures vanquished

Notes
Turn   | Place    | Note
-------+----------+-------------------------------------------
     0 | D:1      | shadowrider38 the Draconian Conjurer began the quest for
                  | the Orb.
     0 | D:1      | Reached XP level 1. HP: 14/14 MP: 3/3
   380 | D:1      | Found a faded altar of an unknown god.
   387 | D:1      | Reached XP level 2. HP: 20/20 MP: 1/5
   464 | D:1      | Became a worshipper of Xom of Chaos
   492 | D:1      | XOM: silly message
   734 | D:1      | XOM: divination: detect items
   788 | D:1      | XOM: silly message
   790 | D:1      | Learned a level 1 spell: Magic Dart
  1014 | D:2      | Reached XP level 3. HP: 26/26 MP: 0/7
  1102 | D:2      | XOM: 1-stop teleportation journey
  1699 | D:2      | XOM: silly message
  1985 | D:3      | Found a glowing drain.
  2050 | Sewer    | Entered a sewer
  2270 | Sewer    | Reached XP level 4. HP: 33/33 MP: 6/8
  2433 | Sewer    | XOM: silly message
  2615 | Sewer    | Reached skill level 5 in Conjurations
  2672 | Sewer    | XOM: divination: detect items
  2676 | Sewer    | Learned a level 4 spell: Iskenderun's Mystic Blast
  3245 | D:3      | Noticed Ijyb
  3259 | D:3      | Killed Ijyb
  3260 | D:3      | Reached XP level 5. HP: 33/38 MP: 0/10
  3263 | D:3      | XOM: silly message
  3438 | D:3      | Found a sacrificial altar of Ru.
  3792 | D:4      | XOM: stealth player
  3969 | D:4      | Reached skill level 10 in Conjurations
  3969 | D:4      | Reached XP level 6. HP: 45/45 MP: 10/17
  3977 | D:4      | XOM: silly message
  4324 | D:4      | XOM: silly message
  4560 | D:3      | XOM: silly message
  5072 | D:4      | Found a staircase to the Ecumenical Temple.
  5077 | Temple   | Entered the Ecumenical Temple
  5127 | Temple   | XOM: god gift: 24 gold pieces
  5287 | D:5      | Entered Level 5 of the Dungeon
  5382 | D:5      | Noticed a sky beast
  5392 | D:5      | Killed a sky beast
  5481 | D:5      | Your scales start taking on a rich purple colour.
  5481 | D:5      | Reached skill level 10 in Spellcasting
  5481 | D:5      | Reached XP level 7. HP: 45/50 MP: 16/21
  5648 | D:5      | Found a broken altar of Ashenzari.
  5677 | D:5      | Found a transporter.
  5680 | D:5      | Noticed JBAR's ghost (amateur DsGl)
  5681 | D:5      | Found a transporter.
  5684 | D:5      | Identified the +4 great mace of the Well-Known Ships {holy,
                  | rPois Int+2}
  5689 | D:5      | XOM: polymorph white imp -> crimson imp
  5722 | D:5      | XOM: 1-stop teleportation journey
  5998 | D:5      | Reached skill level 1 in Fighting
  5998 | D:5      | XOM: confusion (+ monsters)
  5999 | D:5      | Reached skill level 1 in Translocations
  6071 | D:5      | Learned a level 2 spell: Blink
  6159 | D:5      | XOM is BORED!
  6248 | D:5      | XOM: cast spell 'Summon Horrible Things'
  6287 | D:5      | XOM: give mutations
  6287 | D:5      | Gained mutation: Your body sometimes deteriorates upon
                  | taking damage. [Xom's mischief]
  6287 | D:5      | Gained mutation: You occasionally shout uncontrollably at
                  | your foes. [Xom's mischief]
  6287 | D:5      | Gained mutation: You are clumsy. (Dex -2) [Xom's mischief]
  6657 | D:6      | XOM: scenery: 2 doors open
  6723 | D:6      | XOM: destruction
  6743 | D:5      | Reached XP level 8. HP: 19/63 MP: 0/22
  7262 | D:6      | Learned a level 5 spell: Irradiate
  7290 | D:6      | XOM: confuse monster(s)
  7777 | D:6      | XOM: scenery: create altars
  8056 | D:6      | XOM: 1-stop teleportation journey
  8080 | D:6      | XOM: give mutations
  8080 | D:6      | Gained mutation: Your natural rate of healing is unusually
                  | fast. [Xom's grace]
  8080 | D:6      | Gained mutation: You are strong-willed. (Will+) [Xom's
                  | grace]
  8080 | D:6      | Gained mutation: You have a somewhat thin skeletal
                  | structure. (Dex +2, Stealth+) [Xom's grace]
  8080 | D:6      | Gained mutation: You expend magic power (3 MP) to
                  | strengthen your wands. [Xom's grace]
  8086 | D:6      | XOM: scenery: create altars
  8209 | D:6      | XOM is BORED!
  8209 | D:6      | XOM: summons 5 hostile demons
  8210 | D:6      | Noticed a red devil
  8210 | D:6      | Noticed a red devil
  8446 | D:6      | XOM: give mutations
  8446 | D:6      | Gained mutation: You have a pair of small horns on your
                  | head. [Xom's grace]
  8446 | D:6      | Gained mutation: You have large cloven feet. [Xom's grace]
  8446 | D:6      | Gained mutation: Your muscles are strong. (Str +2) [Xom's
                  | grace]
  8446 | D:6      | Gained mutation: Your tail ends in a poisonous barb. [Xom's
                  | grace]
  8646 | D:7      | XOM: fog
  9159 | D:7      | XOM: 5-stop teleportation journey
  9407 | D:8      | Reached skill level 5 in Translocations
  9420 | D:8      | Noticed a cyclops
  9421 | D:8      | XOM: confuse monster(s)
  9432 | D:8      | Reached XP level 9. HP: 61/70 MP: 7/23
  9578 | D:7      | Hit by a large rock thrown by a cyclops

Illustrated notes

Levels and vault maps discovered:
D:1:      minmay_arrival_four_houses, layout_rooms,
          hellmonk_ecumenical_altar_zigzags, minmay_pentomino_u2
D:2:      layout_basic, kennysheep_path_1
D:3:      minmay_chambers_of_twos, layout_loops_cross,
          nicolae_ru_sacrificial_ziggurat, cheibrodos_sewer_entry_bend,
          uniq_ijyb
D:4:      layout_loops_ring, temple_doors_cd
D:5:      layout_basic, mainiacjoe_overflow_boulevard, gammafunk_ghost_smash,
          roderic_lattice_a
D:6:      layout_basic
D:7:      minmay_klotski, layout_cave_pods
D:8:      minmay_the_grid_plus [minmay_the_grid_broken_lines,
          minmay_the_grid_minigrid_small, minmay_the_grid_dragon_b,
          minmay_the_grid_zigzag_pyramid, minmay_the_grid_prize_four_corners],
          layout_cave_pools, kennysheep_dice
Temple:   regret_index_temple_chain_breaker

Skill      XL: |  1  2  3  4  5  6  7  8 |
---------------+-------------------------+-----
Spellcasting   | 3 8 10 | 10.6
Conjurations   | 5 10 | 10.3
Fighting       | 3 |  3.3
Translocations | 2 5 |  5.4
Dodging        | |  1.7
Stealth        | |  1.7

Action                   |  1- 3 |  4- 6 |  7- 9 || total
-------------------------+-------+-------+-------++-------
Melee: Unarmed           |    24 |       |       ||    24
       Whip              |     7 |    26 |    34 ||    67
       Tailslap          |     2 |     1 |     5 ||     8
       Kick              |       |       |     2 ||     2
       Headbutt          |       |       |     2 ||     2
 Cast: Magic Dart        |    84 |   106 |   170 ||   360
       Iskenderun's Myst |       |     5 |    21 ||    26
       Blink             |       |       |     2 ||     2
Evoke: Wand              |       |       |     1 ||     1
  Use: Scroll            |     1 |     5 |       ||     6
       Potion            |       |     1 |       ||     1
 Stab: Sleeping          |       |     2 |       ||     2
Armor: Skin              |    16 |    12 |    47 ||    75
Dodge: Dodged            |    29 |    31 |    55 ||   115
